[Event "*** Titled Tuesday Blitz"]
[Site "Chess.com"]
[Date "2020.10.27"]
[Round "7"]
[White "deep306"]
[Black "indfraeng"]
[Result "1-0"]
[WhiteElo "2596"]
[BlackElo "2361"]
[TimeControl "180+1"]
[EndTime "11:19:41 PDT"]
[Termination "deep306 won on time"]

1. e4 e5 2. Nf3 Nc6 3. Bb5 a6 4. Ba4 Nf6 5. O-O Be7 6. Bxc6 dxc6 7. d3 Nd7 8. Nbd2 f6 9. Nc4 Nf8 10. a4 Ne6 11. a5 O-O 12. b3 Nd4 13. Nh4 Be6 14.
Kh1 g5 15. Nf3 Bg4 16. Ncd2 Qe8 17. Bb2 Nxf3 18. Nxf3 Qh5 19. Kg1 Bc5 20. Ba3 Bxa3 21. Rxa3 Kh8 22. h3 Bxf3 23. Qxf3 Qxf3 24. gxf3 f5 25.
Kg2 f4 26. Ra4 b5 27. axb6 cxb6 28. Rfa1 a5 29. b4 Rf7 30. bxa5 Rfa7 31. Rc4 Rxa5 32. Rb1 c5 33. Rxb6 Ra1 34. Rxc5 Rc1 35. Rb7 Kg8 36.
Rcc7 h6 37. c4 h5 38. c5 Kh8 39. c6 Kg8 40. Rg7+ Kh8 41. Rh7+ Kg8 42. Rbg7+ Kf8 43.
c7 Raa1 44. Rf7+ Kg8 45. Rhg7+ Kh8 46. Rh7+ Kg8 47. c8=Q+ Rxc8 48. Rfg7+ Kf8 49. Rc7 Rxc7 50. Rxc7 Ra5 51. h4 g4 52. Rh7 1-0

[Event "*** Titled Tuesday Blitz"]
[Site "Chess.com"]
[Date "2020.10.27"]
[Round "7"]
[White "Zhuu96"]
[Black "A-Fier"]
[Result "1-0"]
[WhiteElo "2895"]
[BlackElo "2771"]
[TimeControl "180+1"]
[EndTime "11:19:42 PDT"]
[Termination "Zhuu96 won by resignation"]

1. d4 Nf6 2. Bg5 e6 3. Nf3 h6 4. Bh4 c5 5. e3 b6 6. Bd3 Bb7 7. Nbd2 Be7 8. O-O O-O 9. c3 cxd4 10. exd4 Nc6 11. a4 a6 12. Re1 Nh5 13. Bxe7 Nxe7 14. Bf1 Nf6 15. Nc4 Qc7 16. Nfd2 Rab8 17.
Nf3 Nf5 18. Bd3 Rfc8 19. Nce5 Ne7 20. Qe2 Ra8 21. h3 Ned5 22. Qd2 d6 23. Nc4 Ne7 24. Qf4 Rd8 25. Nfd2 Bd5 26. a5 bxa5 27. Nxa5 Rab8 28. Reb1 Ng6 29. Qh2 Nh5 30. c4 Ba8 31.
b4 Nhf4 32. Bf1 e5 33. d5 Qb6 34. Qg3 Nh5 35. Qf3 Ngf4 36. g3 Qd4 37. Nab3 Qa7 38. gxf4 Nxf4 39. b5 Qe7 40. Rxa6 Qg5+ 41. Qg4 Qf6 42. Ne4 Qe7 43. Rba1 Bb7 44. Ra7 h5 45. Qg3 f5 46. Ng5 Qf6 47. Na5 h4 48. Qxh4 Qg6 49. Rxb7 Ra8 50. b6 e4 51. Nc6 Rxa1 52. Ne7+ 1-0

[Event "*** Titled Tuesday Blitz"]
[Site "Chess.com"]
[Date "2020.10.27"]
[Round "7"]
[White "Mazetovic"]
[Black "Andreikka"]
[Result "0-1"]
[WhiteElo "2757"]
[BlackElo "2916"]
[TimeControl "180+1"]
[EndTime "11:19:42 PDT"]
[Termination "Andreikka won by resignation"]

1. e4 e5 2. Nf3 Nc6 3. Bb5 d6 4.
d4 Bd7 5. Nc3 Nge7 6. h4 h5 7.
d5 Nb8 8. Bxd7+ Nxd7 9. Ng5 g6 10. Ne2 Bg7 11. c4 Ng8 12. f3 a5 13. Be3 Ngf6 14.
Qd2 Nh7 15. Nxh7 Rxh7 16. O-O-O Qe7 17. Nc3 b6 18. Nb5 Kd8 19. g3 Kc8 20. b3 Qf8 21. Kc2 Kb7 22. a3 Bh6 23. Ra1 Bxe3 24. Qxe3 f5 25.
Rhf1 Rf7 26. Qe2 Qe7 27. Nc3 f4 28. gxf4 Rxf4 29. b4 Rxh4 30. Rab1 Rf4 31. Rh1 Rf6 32. Rbg1 Qf8 33. Rg3 Qh6 34. Kb2 Qf4 35. Rhg1 h4 36.
Rxg6 axb4 37. axb4 Qxf3 38. Qxf3 Rxf3 39. Rg7 Nf6 40.
Rf7 Rf2+ 41. Kb3 Nxe4 42. Rxf2 Nxf2 43. Rg7 h3 44. Rh7 Rg8 45. Nb5 Rg2 46. Ka4 h2 47. Nxd6+ Kb8 48. Rh8+ Ka7 49. Nb5+ Kb7 50. d6 h1=Q 51.
Rxh1 Nxh1 52. d7 Ra2+ 53. Kb3 Rd2 54. c5 Rxd7 0-1

[Event "*** Titled Tuesday Blitz"]
[Site "Chess.com"]
[Date "2020.10.27"]
[Round "7"]
[White "vanyakuba"]
[Black "DenisQ"]
[Result "1-0"]
[WhiteElo "2520"]
[BlackElo "2634"]
[TimeControl "180+1"]
[EndTime "11:19:45 PDT"]
[Termination "vanyakuba won by resignation"]

1. e4 c6 2. d4 d5 3. exd5 cxd5 4. c4 Nf6 5. Nc3 Nc6 6. Bg5 e6 7. Nf3 Be7 8. Bd3 O-O 9. O-O dxc4 10. Bxc4 b6 11. a3 Bb7 12. Re1 Rc8 13. Qd3 Qd6 14. Rad1 Rfd8 15. Ba2 Qc7 16. Bb1 g6 17. h4 Nh5 18.
Bh6 Bf6 19. Qe3 Ne7 20. Ne5 Nf5 21.
Bxf5 exf5 22. Nb5 Qe7 23. Nxa7 Bxh4 24. Nxc8 Rxc8 25. Nf3 Qxe3 26. Rxe3 Bf6 27. Ne5 Bd5 28. Nd7 Rd8 29. Nxf6+ Nxf6 30. Bg5 Kg7 31. Re5 Rd7 32. Bxf6+ Kxf6 33. f3 h5 34. Rc1 Be6 35. Rb5 Rxd4 36. Rxb6 h4 37. Rb4 Rd3 38. a4 h3 39. gxh3 Rxf3 40.
a5 Rxh3 41. a6 Bd5 42. Kf2 Rh2+ 43. Ke3 Ke5 44. Rb5 f4+ 45. Kd3 Rh3+ 46. Kc2 Rh8 47. Rd1 Ra8 48. Rdxd5+ Ke4 49. Rdc5 1-0

[Event "*** Titled Tuesday Blitz"]
[Site "Chess.com"]
[Date "2020.10.27"]
[Round "7"]
[White "Trickov"]
[Black "AntonovaNadezhda"]
[Result "1-0"]
[WhiteElo "2352"]
[BlackElo "2128"]
[TimeControl "180+1"]
[EndTime "11:19:46 PDT"]
[Termination "Trickov won on time"]

1. d4 Nf6 2. Nf3 g6 3. c4 Bg7 4.
g3 O-O 5. Bg2 d6 6. O-O Nc6 7.
d5 Na5 8. Nfd2 c5 9. Qc2 a6 10. Nc3 Rb8 11. b3 b5 12. Bb2 Ng4 13. Rab1 Ne5 14.
f4 Ng4 15. Nd1 Bxb2 16. Rxb2 bxc4 17. bxc4 Bd7 18. h3 Nf6 19. e4 Rxb2 20. Qxb2 Nh5 21. Qc3 e5 22. fxe5 dxe5 23. Qxe5 Re8 24. Qc3 Nb7 25. e5 Qg5 26. g4 Nf4 27. Ne4 Ne2+ 28. Kh2 Qxe5+ 29. Qxe5 Rxe5 30. Nf6+ Kg7 31. Nxd7 Re7 32.
Nb6 Nd6 33. Re1 Rb7 34. Rxe2 Rxb6 35. Rc2 Rb4 36. Bf1 Rb1 37. Be2 f5 38. gxf5 gxf5 39. Nc3 Re1 40. Na4 Nb7 41. Rb2 Kf6 42. Kg2 Ke5 43.
Kf2 Rh1 44. Rxb7 Rh2+ 45. Ke1 Kf4 46. Nxc5 Rxh3 47. Re7 Rh1+ 48. Kd2 Ra1 49. Nd3+ Kg3 50. Nc1 Kf4 51. Bd3 Kg5 52. Kc2 f4 53. Kb2 1-0

[Event "*** Titled Tuesday Blitz"]
[Site "Chess.com"]
[Date "2020.10.27"]
[Round "7"]
[White "TioCridineno"]
[Black "SanchezKelvin"]
[Result "1-0"]
[WhiteElo "2241"]
[BlackElo "2373"]
[TimeControl "180+1"]
[EndTime "11:19:47 PDT"]
[Termination "TioCridineno won on time"]

1. e4 c5 2. Nf3 d6 3. d4 cxd4 4.
Nxd4 Nf6 5. Nc3 a6 6. Bg5 Nbd7 7.
f4 e6 8. Qf3 Qc7 9. O-O-O b5 10.
g4 Bb7 11. Bd3 Nc5 12. Bxf6 gxf6 13. f5 b4 14. Nce2 e5 15. Nb3 Na4 16. Kb1 O-O-O 17.
Ng3 Kb8 18. Qe2 Qb6 19. Bc4 Rd7 20. Bd5 Bc8 21. Nh5 Rc7 22. Nxf6 Be7 23. Nh5 f6 24. h4 h6 25. g5 fxg5 26. f6 Bd8 27. hxg5 hxg5 28. f7 g4 29. Rdf1 Be7 30. Ng7 Rxh1 31.
Rxh1 Nc5 32. Rh8 Nxb3 33. axb3 Qg1+ 34. Ka2 Rc5 35. Bc6 Rxc6 36. f8=Q Bxf8 37. Rxf8 Ka7 38. Qf2+ Qxf2 39. Rxf2 Rc7 40. Nf5 Bxf5 41. exf5 Rf7 42. c3 a5 43. Kb1 Kb6 44. Kc2 Kc5 45. Kd3 bxc3 46. bxc3 d5 47. c4 e4+ 48. Ke3 g3 49.
Rg2 Rxf5 50. cxd5 Kxd5 51. Rxg3 1-0

[Event "*** Titled Tuesday Blitz"]
[Site "Chess.com"]
[Date "2020.10.27"]
[Round "7"]
[White "Yoshikrov"]
[Black "Inga83"]
[Result "0-1"]
[WhiteElo "2141"]
[BlackElo "2397"]
[TimeControl "180+1"]
[EndTime "11:19:48 PDT"]
[Termination "Inga83 won by resignation"]

1. e4 c6 2. d4 d6 3. Nc3 Qc7 4. Nf3 e5 5. h3 Nf6 6. Bc4 Be7 7. O-O O-O 8. Bg5 b5 9. Bb3 b4 10. Bxf6 Bxf6 11. Ne2 exd4 12. Nexd4 Ba6 13. Re1 c5 14. Nf5 c4 15. Ba4 Rd8 16. Rb1 Bb7 17. Qe2 Nd7 18.
Bxd7 Rxd7 19. e5 dxe5 20. Nxe5 Bxe5 21. Qxe5 Qxe5 22. Rxe5 g6 23. Ne3 Ba6 24. a3 Rb8 25.
Ra5 Rd6 26. axb4 Rxb4 27. Rba1 Bb5 28. Rxa7 Rxb2 29. Re7 Rd7 30. Ra7 Rxe7 31. Rxe7 Ba6 32. Rc7 h5 33. Kh2 Kg7 34. g4 hxg4 35. hxg4 Ra2 36.
Kg3 Ra3 37. Rc6 Bb5 38. Rc5 Ba6 39. Rc6 Bb7 40. Rxc4 Ra1 41. Rc7 Be4 42. Kf4 Ba8 43.
f3 Re1 44. g5 Re2 45. c4 Rf2 46. Nd5 Rc2 47. Ke3 Bxd5 48. Kd3 Rc1 49. Kd2 Rxc4 50. Rd7 Bxf3 51. Ke3 Bg4 52. Re7 Be6 53. Ra7 Rc5 54. Kf4 Rf5+ 0-1

[Event "*** Titled Tuesday Blitz"]
[Site "Chess.com"]
[Date "2020.10.27"]
[Round "7"]
[White "TudorAnton"]
[Black "PavelChernomordik"]
[Result "1/2-1/2"]
[WhiteElo "2492"]
[BlackElo "2297"]
[TimeControl "180+1"]
[EndTime "11:19:50 PDT"]
[Termination "Game drawn - insufficient material"]

1. d4 g6 2. e4 Bg7 3. Nf3 d6 4.
Nc3 a6 5. Bd3 b5 6. a3 Nd7 7. O-O Bb7 8. Re1 c5 9. Bf1 cxd4 10. Nxd4 Ngf6 11. g3 O-O 12. Bg2 Qc7 13. Be3 Ne5 14. h3 Nc4 15. Bc1 Rad8 16. Nb3 e6 17.
Rb1 d5 18. exd5 Nxd5 19. Nxd5 Bxd5 20. Bxd5 Rxd5 21. Qf3 Ne5 22. Qe2 Rc8 23. c3 Nd3 24.
Rd1 Rcd8 25. Be3 Qc4 26. Nd4 Ne5 27. Re1 Qxe2 28. Rxe2 Nc4 29. Nc6 Rd1+ 30. Rxd1 Rxd1+ 31. Kg2 Rb1 32. Nb4 a5 33. Nc6 a4 34. Bd4 Rxb2 35.
Rxb2 Nxb2 36. Bxg7 Kxg7 37. Nd4 Nc4 38. Nxb5 Kf6 39.
Kf3 Ke5 40. Ke2 Kd5 41. Kd3 Kc5 42. Nd4 Nxa3 43. Nf3 f6 44. Nd2 f5 45. c4 Kb4 46. f4 Kc5 47. Kc3 h6 48. g4 fxg4 49.
hxg4 h5 50. Ne4+ Kc6 51. gxh5 gxh5 52. Ng5 Kd6 53. c5+ Kxc5 54. Nxe6+ Kd5 55. Ng5 Nb5+ 56. Kb4 a3 57. Kb3 h4 58. f5 Ke5 59. Nf3+ Kxf5 60.
Nxh4+ Ke4 61. Ng2 Kd4 62. Ne1 Ke3 63. Nc2+ Kd2 64. Nxa3 1/2-1/2

[Event "*** Titled Tuesday Blitz"]
[Site "Chess.com"]
[Date "2020.10.27"]
[Round "7"]
[White "Mikhail_Golubev"]
[Black "ajian"]
[Result "1-0"]
[WhiteElo "2516"]
[BlackElo "2347"]
[TimeControl "180+1"]
[EndTime "11:19:52 PDT"]
[Termination "Mikhail_Golubev won by checkmate"]

1. e4 c5 2. Nf3 Nc6 3. Nc3 Nf6 4.
Bb5 Qc7 5. O-O Nd4 6. Bd3 d6 7. Nxd4 cxd4 8. Nb5 Qb6 9. c3 dxc3 10. dxc3 a6 11.
Be3 Qd8 12. Nd4 Ng4 13. Bg5 Qa5 14. Qd2 h6 15. Bh4 g5 16. Bg3 Bg7 17. Be2 Qb6 18. Bxg4 Bxg4 19. f3 Bd7 20. Bf2 Qc7 21. Be3 O-O 22. f4 e5 23. fxe5 dxe5 24. Nf5 Bxf5 25. Rxf5 Rad8 26. Qe2 Qc6 27. Bf2 Rd7 28. h4 f6 29. Rf1 Rfd8 30. hxg5 hxg5 31. Bg3 Rd2 32. Qh5 Qxe4 33. Qh3 g4 34. Qh2 Rd1 35. Qh5 Qe3+ 36. Kh2 Rxf1 37. Rxf1 Qe4 38. Rf5 Qc4 39. Qg6 Qf7 40.
Qxg4 Kf8 41. Bxe5 Qe6 42. Bg3 Kf7 43. Qh5+ Ke7 44. Qg6 Rh8+ 45. Kg1 Qe3+ 46. Rf2 Qe1+ 47. Rf1 Qe3+ 48. Bf2 Qg5 49. Re1+ Kd7 50. Qf7+ Kc6 51. Re6+ Kb5 52. Qxb7+ Ka5 53. Qxa6# 1-0

[Event "*** Titled Tuesday Blitz"]
[Site "Chess.com"]
[Date "2020.10.27"]
[Round "7"]
[White "PaulfromSPb"]
[Black "SantoBlue"]
[Result "1/2-1/2"]
[WhiteElo "2715"]
[BlackElo "2841"]
[TimeControl "180+1"]
[EndTime "11:19:53 PDT"]
[Termination "Game drawn by repetition"]

1. d4 Nf6 2. Bf4 g6 3. e3 Bg7 4. Nf3 O-O 5. h3 d6 6. Be2 Nfd7 7. Bh2 e5 8. dxe5 Nxe5 9. Nxe5 Bxe5 10. Bxe5 dxe5 11.
Nc3 Bf5 12. Bf3 c6 13. Be4 Be6 14. Qxd8 Rxd8 15. Rd1 Nd7 16. Bf3 f5 17. Be2 Kf7 18. f3 b5 19. b3 Ke7 20. Kf2 Nf6 21. Rxd8 Rxd8 22. Rd1 Ra8 23. a4 b4 24. Nb1 a5 25.
Nd2 Nd5 26. Nc4 Nc3 27. Rd2 Nxe2 28. Kxe2 Bxc4+ 29. bxc4 Rb8 30. c5 Rd8 31. Rxd8 Kxd8 32. e4 Ke7 33. g4 Kf6 34. h4 Kf7 35. g5 h6 36. Kd3 Kf8 37. Ke3 Kg7 38. Kf2 Kf7 39.
Kg2 Kg8 40. Kh3 Kh7 41. Kg3 Kg7 42. Kf2 Kh8 43. f4 hxg5 44. hxg5 exf4 45. Kf3 Kg7 46.
Kxf4 fxe4 47. Kxe4 Kf7 48. Ke5 Ke7 49. Kf4 Kd8 50. Ke5 Ke7 51. Kd4 Kd7 52. Ke5 Ke7 1/2-1/2

[Event "*** Titled Tuesday Blitz"]
[Site "Chess.com"]
[Date "2020.10.27"]
[Round "7"]
[White "korbul"]
[Black "DenLaz"]
[Result "0-1"]
[WhiteElo "2594"]
[BlackElo "2772"]
[TimeControl "180+1"]
[EndTime "11:19:55 PDT"]
[Termination "DenLaz won by resignation"]

1. e4 e5 2. Nf3 Nc6 3. Bb5 a6 4. Ba4 Nf6 5. d3 d6 6. c3 g6 7.
O-O Bg7 8. d4 b5 9. Bb3 O-O 10.
h3 Bb7 11. Re1 h6 12. a3 Re8 13. Nbd2 Nb8 14. Bc2 Nbd7 15. b4 d5 16. Bb2 exd4 17. e5 dxc3 18. Bxc3 Nh5 19. Nb3 Nf4 20. Qd2 Ne6 21.
Nbd4 Ndf8 22. Rad1 Qd7 23. Bd3 c5 24. bxc5 Nxc5 25. Bb4 Ne4 26. Qa2 Qc7 27. Rc1 Qb6 28.
Nb3 a5 29. Bc5 Nxc5 30. Nxc5 Ne6 31. Nxe6 Rxe6 32. Qb2 b4 33. a4 Rd8 34. Bb5 d4 35. Rcd1 Bxf3 36. gxf3 Rxe5 37. Rxe5 Bxe5 38. Bc4 Kg7 39.
Qe2 Bf6 40. Qe4 b3 41. Bb5 b2 42. f4 d3 43. Kg2 d2 44. h4 Rd4 45. Qe8 Rxf4 46.
Qe2 Bxh4 47. f3 Bf6 48. Bd3 Rd4 49. Bb1 Qd6 50. Ba2 Qe5 51. Qxe5 Bxe5 52. Kf2 Bf4 53. Ke2 f5 54. Bb1 Rxa4 55. Bc2 Ra1 56. Rb1 Rxb1 57. Bxb1 h5 58. Bc2 h4 0-1

[Event "*** Titled Tuesday Blitz"]
[Site "Chess.com"]
[Date "2020.10.27"]
[Round "7"]
[White "esapunov"]
[Black "dropstoneDP"]
[Result "1/2-1/2"]
[WhiteElo "2677"]
[BlackElo "2944"]
[TimeControl "180+1"]
[EndTime "11:19:57 PDT"]
[Termination "Game drawn by repetition"]

1. c4 Nf6 2. Nf3 g6 3. Nc3 Bg7 4. e4 e5 5. d4 exd4 6. Nxd4 O-O 7. Be2 Re8 8. f3 c6 9. Bg5 Qb6 10. Nb3 Qd8 11. Qd2 d6 12. O-O a5 13. Na4 Nbd7 14.
Rfd1 d5 15. cxd5 cxd5 16. exd5 Nb6 17. Nc3 a4 18. Nc5 Qc7 19. N5e4 Nxe4 20. Nxe4 Nc4 21. Bxc4 Qxc4 22. Nf6+ Bxf6 23. Bxf6 Ra6 24. d6 Qc5+ 25. Kh1 Qf5 26. Be7 Bd7 27. Rac1 Rc6 28. Rxc6 bxc6 29. Qc3 Qe6 30. a3 h5 31. Re1 Qd5 32. h3 c5 33.
Re5 Qd1+ 34. Kh2 Rc8 35. Qe3 Kh7 36. Qg5 Qd4 37. Qf6 Kg8 38. Qg5 Re8 39. Re4 Qd3 40.
Bf6 Qxd6+ 41. Be5 Qe7 42. Qf4 Qe6 43. Bc3 Qf5 44. Rxe8+ Bxe8 45. Qd6 f6 46. Qe7 Bf7 47. h4 Qf4+ 48. Kh3 Qf5+ 49. Kg3 g5 50. Bxf6 Qf4+ 51.
Kf2 Qd2+ 52. Kg3 Qf4+ 53. Kf2 Qd2+ 54. Kg3 Qf4+ 1/2-1/2

[Event "*** Titled Tuesday Blitz"]
[Site "Chess.com"]
[Date "2020.10.27"]
[Round "7"]
[White "TotsukaBlade"]
[Black "CheckThis4"]
[Result "1/2-1/2"]
[WhiteElo "2437"]
[BlackElo "2569"]
[TimeControl "180+1"]
[EndTime "11:19:57 PDT"]
[Termination "Game drawn by repetition"]

1. e4 c5 2. Nf3 d6 3. Bb5+ Nd7 4. Ba4 Nf6 5. O-O g6 6. Re1 Bg7 7. c3 O-O 8. d4 a6 9. Bc2 e5 10. dxe5 Nxe5 11. Nxe5 dxe5 12. c4 Bg4 13. Qxd8 Raxd8 14. Nc3 Nd7 15. Nd5 Be6 16. Be3 f5 17. exf5 gxf5 18. Bg5 Bxd5 19. Bxd8 Bxc4 20. Ba5 b5 21. Rad1 Be6 22.
Rd6 Kf7 23. Rxa6 e4 24. Bc3 Bxc3 25. bxc3 Ne5 26. f3 Rd8 27. fxe4 f4 28. Rd1 Rg8 29.
Rdd6 Rg6 30. Ra7+ Kf6 31. Kf1 Nc4 32. e5+ Kxe5 33. Bxg6 hxg6 34. Rc6 Ne3+ 35. Kf2 Kd5 36. Rca6 Bf5 37. g3 Nd1+ 38. Kf3 fxg3 39. hxg3 Nxc3 40. g4 Be4+ 41. Ke3 Bb1 42. a3 Kc4 43. Kd2 Be4 44. Re7 Bb1 45. Re3 Ne4+ 46. Kc1 Bd3 47. Ra8 Nc3 48.
Rd8 Be4 49. Rxe4+ Nxe4 50. Rg8 g5 51. Re8 Kd4 52. Kb2 Nf2 53. Rg8 Nxg4 54. Rxg5 Ne3 55.
Rg8 Nc4+ 56. Ka2 Kc3 57. Rg3+ Kd4 58. Rg4+ Kc3 59. Rg3+ Kd4 60. Rg4+ Kc3 61. Rg3+ 1/2-1/2

[Event "*** Titled Tuesday Blitz"]
[Site "Chess.com"]
[Date "2020.10.27"]
[Round "7"]
[White "garfio2017"]
[Black "madmax011"]
[Result "0-1"]
[WhiteElo "2239"]
[BlackElo "1864"]
[TimeControl "180+1"]
[EndTime "11:19:58 PDT"]
[Termination "madmax011 won on time"]

1. e4 c5 2. g3 Nf6 3. Bg2 d6 4. Ne2 Nc6 5. O-O g6 6. c3 Bg7 7. d4 cxd4 8. cxd4 O-O 9. Nbc3 a6 10. h3 Qc7 11. Be3 Rd8 12. Rc1 Qd7 13. a4 b5 14.
axb5 axb5 15. Nxb5 Rb8 16. Nbc3 Rxb2 17. Qa4 Rb4 18.
Qa3 Rb8 19. f4 Bb7 20. Rfd1 Ra8 21. Qb2 Ba6 22. e5 Ne8 23. d5 Na5 24. Bd4 Bxe2 25. Qxe2 dxe5 26. fxe5 Rac8 27. Bb6 Nb3 28. Bxd8 Nxc1 29.
Rxc1 Rxd8 30. Rf1 Qc7 31. Qf3 f5 32. exf6 Nxf6 33. d6 Qxd6 34. Rd1 Qb6+ 35. Kh2 Rxd1 36. Nxd1 Qd6 37. Ne3 h6 38. h4 Kh7 39. Bh3 Qd2+ 40. Bg2 Qxe3 41. Qb7 Ng4+ 42. Kh3 Nf2+ 43. Kh2 Ng4+ 44.
Kh3 Qe6 45. Qd5 Qxd5 46. Bxd5 Nf2+ 47. Kg2 Nd3 48. Kf3 Ne5+ 49. Ke4 g5 50. hxg5 hxg5 51. Kf5 Kh6 52. Ke6 Bf6 53. Be4 Kh5 0-1

[Event "*** Titled Tuesday Blitz"]
[Site "Chess.com"]
[Date "2020.10.27"]
[Round "7"]
[White "politeplayer"]
[Black "Triumphmate"]
[Result "1/2-1/2"]
[WhiteElo "2218"]
[BlackElo "2401"]
[TimeControl "180+1"]
[EndTime "11:19:59 PDT"]
[Termination "Game drawn by agreement"]

1. e4 d5 2. exd5 Nf6 3. Nf3 Bg4 4. Be2 Qxd5 5. Nc3 Qd7 6. d4 Nc6 7. d5 Nb4 8. Ne5 Bxe2 9. Qxe2 Qf5 10. Qb5+ c6 11.
dxc6 bxc6 12. Qxb4 Qxe5+ 13. Be3 e6 14. Qb7 Rd8 15.
Qxc6+ Nd7 16. Nb5 Bc5 17. O-O O-O 18. Bxc5 Nxc5 19. Rfe1 Qh5 20. Nd6 h6 21. Rad1 Nd7 22. Qf3 Qxf3 23. gxf3 Nf6 24. Ne4 Rc8 25. Nxf6+ gxf6 26.
c3 Rc7 27. Rd6 Rb8 28. Re2 Kg7 29. Red2 f5 30. a4 Rb3 31. f4 Rc4 32. R6d4 Rxd4 33.
cxd4 Rb4 34. d5 exd5 35. Rxd5 Rxa4 36. Rxf5 Rb4 37. Ra5 Rxb2 38. Rxa7 Rb4 39. f5 Rf4 40. Ra5 Kf6 41. Kg2 Kg5 42. f6+ Kxf6 43. Kg3 Rb4 44.
f4 Kg6 45. Rc5 f6 46. Ra5 h5 47. Rc5 Ra4 48. Rb5 Ra2 49. h4 Ra3+ 50. Kg2 Rc3 51. f5+ Kf7 52. Rb7+ Ke8 53. Rb8+ Ke7 54. Rh8 Kd6 55.
Rxh5 Ke5 56. Rh8 Kxf5 57. h5 Kg5 58. h6 Kg6 59. h7 Kg7 60. Rf8 Kxh7 61. Rxf6 1/2-1/2

[Event "*** Titled Tuesday Blitz"]
[Site "Chess.com"]
[Date "2020.10.27"]
[Round "7"]
[White "chenxiaoyuer"]
[Black "pavelalexandru07"]
[Result "1-0"]
[WhiteElo "2516"]
[BlackElo "2349"]
[TimeControl "180+1"]
[EndTime "11:20:00 PDT"]
[Termination "chenxiaoyuer won by checkmate"]

1. e4 c5 2. Nf3 d6 3. d4 cxd4 4.
Nxd4 Nf6 5. Nc3 a6 6. Be2 e5 7. Nb3 Be6 8. O-O Be7 9. f4 exf4 10. Bxf4 Nc6 11. Kh1 O-O 12. a4 Rc8 13. Qe1 Re8 14.
Qg3 Ne5 15. Nd4 Ng6 16. Be3 Kh8 17. Nf5 Bxf5 18. exf5 Ne5 19. Bd4 Bf8 20. Bd3 Qc7 21. Rae1 Rcd8 22. Qh4 Be7 23. Qh3 Bf8 24. Ne4 Nxe4 25.
Rxe4 f6 26. Rh4 h6 27. Re4 Nxd3 28. Qxd3 Rxe4 29. Qxe4 Rc8 30. c3 Qc6 31. Qc2 d5 32. Re1 Re8 33. Ra1 Re4 34. Qd3 Qd7 35. Qf3 Bd6 36.
g3 Be5 37. Bxe5 Rxe5 38. g4 Qc6 39. Kg2 Qc4 40. Kf2 Re4 41. Kg3 Qc7+ 42. Kg2 Qe5 43. Rf1 Qd6 44. Rd1 Qc6 45. a5 Qc5 46. b3 Qxa5 47.
c4 Qa2+ 48. Kh1 Qc2 49. cxd5 Rf4 50. Qxf4 Qxd1+ 51. Kg2 Qxd5+ 52. Kg3 Qxb3+ 53. Kh4 Qd1 54. Kh5 Qg1 55. Kg6 Qxg4+ 56. Qxg4 Kg8 57. Qe4 Kh8 58.
Qe8# 1-0

[Event "*** Titled Tuesday Blitz"]
[Site "Chess.com"]
[Date "2020.10.27"]
[Round "7"]
[White "QuintilianoR"]
[Black "ARTHURMOTIVATOR"]
[Result "1-0"]
[WhiteElo "2652"]
[BlackElo "2363"]
[TimeControl "180+1"]
[EndTime "11:20:00 PDT"]
[Termination "QuintilianoR won by resignation"]

1. Nf3 Nf6 2. c4 g6 3. Nc3 Bg7 4. d4 c5 5. d5 O-O 6. e4 d6 7. h3 e6 8. Bd3 Na6 9. O-O e5 10. a3 h6 11. Bd2 Nh7 12. Qc2 f5 13. exf5 gxf5 14. Rae1 e4 15. Nxe4 fxe4 16. Bxe4 Nf6 17. Bg6 Nc7 18. Nh4 b5 19. b3 Rb8 20. Re3 bxc4 21.
bxc4 Bd7 22. Rg3 Kh8 23. Bc3 Nce8 24. Bf5 Kg8 25. Ng6 Rf7 26. Be6 Bxe6 27. dxe6 Rfb7 28.
Qf5 a6 29. Nf4 Kh8 30. Ng6+ Kg8 31. Re1 Re7 32. Nf4 Rb3 33. Ree3 Rxc3 34. Rxc3 Nc7 35. Rg6 Qe8 36. Rcg3 Nxe6 37. Nxe6 Rxe6 38. Rxg7+ Kf8 39. Rg8+ Ke7 40. Rxe8+ Nxe8 41. Re3 Rxe3 42. fxe3 Nf6 43. Qe4+ Kf7 44. Qb7+ Ke6 45. Qxa6 Nd7 46. Qb5 Ne5 47. a4 Nf7 48. a5 Ng5 49. a6 Ne4 50. a7 Nc3 51.
a8=Q Nxb5 52. Qc8+ Ke5 53. cxb5 Ke4 54. Qc6+ Kd3 55. b6 Kc4 56. b7 Kb4 57. b8=Q+ Kc4 58. Qbb5+ Kc3 59. Qd5 Kc2 60. Qbb3+ 1-0

[Event "*** Titled Tuesday Blitz"]
[Site "Chess.com"]
[Date "2020.10.27"]
[Round "7"]
[White "Natalya_Buksa"]
[Black "geordie_derraugh"]
[Result "1-0"]
[WhiteElo "2546"]
[BlackElo "2410"]
[TimeControl "180+1"]
[EndTime "11:20:01 PDT"]
[Termination "Natalya_Buksa won by checkmate"]

1. d4 Nf6 2. Nc3 d5 3. Bf4 c6 4.
e3 g6 5. h4 h5 6. Nf3 Bg7 7. Ne5 Qb6 8. Rb1 Bf5 9. Be2 Nbd7 10.
f3 Nxe5 11. Bxe5 Kf8 12. Bd3 Be6 13. Qe2 Nd7 14. Bxg7+ Kxg7 15. O-O Nf6 16. Qf2 Rad8 17. a3 Rhe8 18. b4 Bc8 19. f4 Ng4 20. Qg3 Qc7 21. Be2 Nf6 22. Bf3 Bf5 23. Qf2 Ng4 24. Qe2 f6 25.
Bxg4 hxg4 26. g3 e5 27. Qd2 exd4 28. exd4 Be4 29. Rbe1 Bf3 30. Na4 b6 31. Nb2 Kf7 32. Nd3 Re4 33. Nf2 Qd6 34. Nxe4 dxe4 35. c3 c5 36. bxc5 bxc5 37. Rb1 cxd4 38. Qa2+ Kg7 39. Rb7+ Rd7 40. Rxd7+ Qxd7 41. Qd2 d3 42. Kh2 Qc6 43. Re1 Qc5 44. Re3 f5 45. a4 Qa3 46. a5 Qxa5 47. Re1 Qc5 48. Rb1 Be2 49. Rb2 e3 50. Qe1 Qd5 51.
c4 Qxc4 52. Qa1 Kh6 53. Rb7 Qg8 54. Rxa7 d2 55. Qf6 Qd8 56. Qxd8 Kh5 57. Qh8# 1-0

[Event "*** Titled Tuesday Blitz"]
[Site "Chess.com"]
[Date "2020.10.27"]
[Round "7"]
[White "dosto07"]
[Black "TST2014"]
[Result "1/2-1/2"]
[WhiteElo "2340"]
[BlackElo "2480"]
[TimeControl "180+1"]
[EndTime "11:20:02 PDT"]
[Termination "Game drawn by repetition"]

1. e4 c5 2. Nf3 Nc6 3. Bb5 Na5 4. O-O a6 5. Be2 Nc6 6. c3 d5 7. exd5 Qxd5 8. d4 e6 9. Be3 cxd4 10. cxd4 Nf6 11.
Nc3 Qa5 12. a3 Bd6 13. Qb3 O-O 14. Rfd1 Ne7 15. Bg5 Ned5 16. Bd2 Qc7 17. Rac1 Qb8 18. Nxd5 Nxd5 19. Bc4 Ne7 20. Bb4 b5 21. Be2 Bb7 22.
Ne5 Rd8 23. Bf3 Bxb4 24. Qxb4 Nf5 25. Nc6 Bxc6 26. Bxc6 Ra7 27. d5 e5 28. Qc5 Nd6 29.
Qe3 Re7 30. g3 h6 31. b3 f5 32. a4 b4 33. a5 Rf8 34. Qb6 Qc8 35. Be8 Qxe8 36.
Qxd6 Rf6 37. Qxb4 f4 38. d6 Rd7 39. Qc4+ Kh7 40. Qxa6 fxg3 41. hxg3 e4 42. Qe2 Qe5 43. Rc4 Re6 44. Rd3 exd3 45. Qxd3+ g6 46. Rc7 Rxd6 47. Rxd7+ Rxd7 48. Qxd7+ Kg8 49. Qb7 Qe1+ 50. Kg2 Qxa5 51. b4 Qe5 52. b5 h5 53. b6 h4 54. Qc8+ Kg7 55. b7 Qe4+ 56. Kg1 Qe1+ 57. Kg2 Qe4+ 58.
Kg1 Qe1+ 59. Kg2 Qe4+ 1/2-1/2

[Event "*** Titled Tuesday Blitz"]
[Site "Chess.com"]
[Date "2020.10.27"]
[Round "7"]
[White "svilson23"]
[Black "Kaliopa"]
[Result "1-0"]
[WhiteElo "2381"]
[BlackElo "2216"]
[TimeControl "180+1"]
[EndTime "11:20:02 PDT"]
[Termination "svilson23 won on time"]

1. e4 c5 2. Nf3 d6 3. Bb5+ Nd7 4. c3 a6 5. Ba4 b5 6. Bc2 Bb7 7. O-O g6 8. Qe2 Bg7 9. d4 Qc7 10. Bg5 Rc8 11. Rc1 h6 12. Be3 Ngf6 13. Nbd2 O-O 14. a4 c4 15. h3 Nb6 16. axb5 axb5 17. Ra5 Bc6 18. d5 Bd7 19. Ra6 Rb8 20. Rca1 Bc8 21. Ra7 Rb7 22. R7a5 Bd7 23. Nd4 Na4 24. Ra6 Nxb2 25. f4 b4 26. cxb4 Rxb4 27. Ra7 Rb7 28. Rxb7 Qxb7 29. Nxc4 Nxc4 30. Qxc4 Rc8 31. Qd3 Qc7 32.
Rc1 Qc3 33. Kf2 Qxd3 34. Bxd3 Rxc1 35. Bxc1 Kf8 36. Nc6 Ne8 37. Kf3 Nc7 38. Be3 e6 39. Bb6 Ne8 40. Bc4 exd5 41. exd5 Bf6 42. Nb8 Kg7 43.
Nxd7 Bb2 44. Nb8 Bf6 45. Nc6 Bc3 46. Bd4+ Bxd4 47. Nxd4 Nf6 48. Nb5 Ne8 49. g4 Kf6 50. Ke4 Ke7 51. Bd3 Nf6+ 52. Kd4 Nd7 53. Nc3 Nc5 54. Ne4 Nd7 55. Bb5 Nb6 56. Bc6 1-0

[Event "*** Titled Tuesday Blitz"]
[Site "Chess.com"]
[Date "2020.10.27"]
[Round "7"]
[White "Khnykin_Nikolay"]
[Black "krasavetc"]
[Result "0-1"]
[WhiteElo "2069"]
[BlackElo "2292"]
[TimeControl "180+1"]
[EndTime "11:20:03 PDT"]
[Termination "krasavetc won by checkmate"]

1. e4 e6 2. Nf3 d5 3. exd5 exd5 4. d4 Nf6 5. c4 Be7 6. Nc3 dxc4 7. Bxc4 O-O 8. O-O c6 9. Re1 b5 10. Bb3 Bg4 11. h3 Bh5 12. Re5 Nbd7 13. Rxh5 Nxh5 14. Be3 Nhf6 15. Ng5 Nd5 16. Nxd5 Bxg5 17. Bxg5 Qxg5 18. Ne3 Nf6 19. Qf3 Rad8 20. Rd1 c5 21. d5 c4 22. Bc2 Nxd5 23. Nxd5 Rfe8 24. Ne3 Rxd1+ 25. Qxd1 g6 26. Qd7 Rxe3 27. fxe3 Qxe3+ 28. Kh2 Qe5+ 29. Kg1 Qxb2 30. Qxa7 Qxc2 31. Qb8+ Kg7 32. Qe5+ Kh6 33. Qf4+ g5 34. Qf6+ Qg6 35. Qb2 Qb6+ 36. Kh1 Qd6 37. Qxb5 c3 38.
Qc4 Qd1+ 39. Kh2 c2 40. Qc6+ Kg7 41. Qc3+ f6 42. Qc7+ Kg6 43. Qe7 c1=Q 44. Qe8+ Kf5 45. g4+ Kf4 46. Qb8+ Ke3 47. Qg3+ Kd2 48. Qd6+ Kc3 49.
Qc5+ Kb2 50. Qb4+ Ka1 51. Qe7 Qb2+ 52. Kg3 Qg1+ 53. Kf3 Qgf2+ 54. Ke4 Qfe2+ 55. Kd5 Qxe7 56. Kc4 Qee5 57. h4 Qed4# 0-1